Worcester Sharks vs Manitoba Moose

Created - 28 janvier 2020 at 15:17

Goals
1 2 3 T
Worcester Sharks 0 4 1 5
Manitoba Moose 0 0 1 1
Shots
1 2 3 T
Worcester Sharks 11 17 11 39
Manitoba Moose 7 23 6 36

1st period

No Goal

Penalties :
Gerald Mayhew (MOO) for Fighting (Major) at 5:27, Christian Wolanin (SRK) for Fighting (Major) at 5:27, Pierre Engvall (MOO) for Fighting (Major) at 7:47, T.J. Hensick (SRK) for Fighting (Major) at 7:47

2nd period

1. Worcester Sharks , T.J. Hensick 23 (Brian Gibbons 30) at 4:23
2. Worcester Sharks , Travis Boyd 24 (T.J. Hensick 50, John McCarthy 28) at 11:50
3. Worcester Sharks , Kenny Agostino 9 (Robert Thomas 10, Christian Wolanin 50) at 12:41
4. Worcester Sharks , Robert Thomas 10 (Kenny Agostino 6, Brian Gibbons 31) at 16:29

Penalties :
Chris Thorburn (MOO) for Fighting (Major) at 16:32, Brett Kulak (SRK) for Fighting (Major) at 16:32

3rd period

5. Manitoba Moose , Matt Grzelcyk 4 (Chris Thorburn 15) at 8:10
6. Worcester Sharks , T.J. Hensick 24 (Travis Boyd 31) at 10:29 (PP)

Penalties :
David Warsofsky (MOO) for Interference (Minor) at 10:26, Gerald Mayhew (MOO) for Fighting (Major) at 13:05, Kenny Agostino (SRK) for Fighting (Major) at 13:05, Gerald Mayhew (MOO) for instigated a fight (Minor) at 13:05, Gerald Mayhew (MOO) for instigated a fight (10 Minutes Misconduct) at 13:05

Goalie Stats

Eric Comrie (SRK), 35 saves from 36 shots - (0,972), W, 20-10-3, 60:00 minutes
Atte Tolvanen (MOO), 34 saves from 39 shots - (0,872), L, 18-9-3, 60:00 minutes

Players Stats for Worcester Sharks

Player Name              G  A  P  +/- PIM S  H  SB GA TA FO     MP     PP MP  PK MP  
------------------------------------------------------------------------------------
Brady Brassart           0  0  0   0  0   0  0  0  0  0  0/0     4:06   1:31   0:00 
Brett Kulak              0  0  0   2  5   3  3  3  0  0  0/0    24:20   1:31   0:00 
Brian Gibbons            0  2  2   2  0   1  0  0  1  1  1/2    20:20   1:31   0:00 
Christian Wolanin        0  1  1   2  5   6  1  3  1  0  0/0    24:26   1:31   0:00 
Corban Knight            0  0  0  -1  0   6  1  0  0  0  3/9    15:59   0:00   0:00 
Darren Raddysh           0  0  0   0  0   0  1  6  0  1  0/0    19:48   0:31   0:00 
David Gust               0  0  0  -1  0   1  2  0  0  0  1/2    16:07   0:00   0:00 
Frank Corrado            0  0  0   1  0   1  1  1  0  1  0/0    18:10   0:00   0:00 
Garrett Pilon            0  0  0   0  0   0  0  0  0  1  4/4     7:36   0:00   0:00 
James de Haas            0  0  0   0  0   0  1  1  0  1  0/0    19:48   0:31   0:00 
Jim O'Brien              0  0  0  -1  0   1  1  0  0  0  1/2    15:26   0:00   0:00 
John McCarthy            0  1  1   2  0   3  1  0  0  1  1/1    16:53   0:31   0:00 
Kenny Agostino           1  1  2   2  5   4  3  2  1  0  1/2    23:17   0:00   0:00 
Kristians Rubins         0  0  0   1  0   0  2  0  0  0  0/0    13:26   0:00   0:00 
Nikita Jevpalovs         0  0  0   0  0   0  0  1  0  0  0/0     7:36   0:00   0:00 
Robert Thomas            1  1  2   2  0   3  0  0  1  0  12/28  20:10   1:31   0:00 
T.J. Hensick             2  1  3   2  5   4  1  2  1  0  7/13   15:20   0:31   0:00 
Travis Boyd              1  1  2   2  0   6  0  0  2  0  0/0    17:08   0:31   0:00 

Players Stats for Manitoba Moose

Player Name              G  A  P  +/- PIM S  H  SB GA TA FO     MP     PP MP  PK MP  
------------------------------------------------------------------------------------
Andreas Borgman          0  0  0  -1  0   0  0  0  0  1  0/0    11:29   0:00   0:00 
Brian Lashoff            0  0  0   0  0   0  1  0  0  0  0/0    12:32   0:00   0:33 
Chris Thorburn           0  1  1   1  5   1  1  0  0  1  1/3    14:21   0:00   1:11 
David Warsofsky          0  0  0   0  2   0  1  0  0  1  0/0    12:03   0:00   0:00 
Denis Gurianov           0  0  0  -2  0   10 1  0  2  0  0/0    18:56   0:00   0:00 
Gerald Mayhew            0  0  0  -2  22  3  1  0  0  0  14/22  14:57   0:00   0:00 
Guillaume Brisebois      0  0  0  -1  0   0  1  0  0  0  0/0    11:29   0:00   0:00 
Jan Kovar                0  0  0  -1  0   4  0  0  0  2  7/13   13:45   0:00   0:00 
Luke Gazdic              0  0  0   1  0   4  1  0  0  0  0/0    15:24   0:00   1:11 
Matt Bartkowski          0  0  0   0  0   1  0  2  0  0  0/0    12:32   0:00   0:33 
Matt Beleskey            0  0  0  -1  0   1  1  0  0  0  0/2    13:45   0:00   0:00 
Matt Grzelcyk            1  0  1  -2  0   3  1  2  1  1  0/0    23:55   0:00   1:29 
Matt Hendricks           0  0  0  -2  0   4  3  0  1  1  0/1    18:10   0:00   0:00 
Matt Lorito              0  0  0  -1  0   1  1  1  0  0  0/0    12:41   0:00   0:51 
Pierre Engvall           0  0  0  -1  5   0  1  0  0  0  0/0    11:50   0:00   0:00 
Sean Malone              0  0  0   1  0   1  1  0  0  0  5/9    13:50   0:00   0:00 
Shane Gersich            0  0  0  -1  0   1  1  0  1  0  5/12   16:12   0:00   0:00 
Tom Pyatt                0  0  0  -1  0   1  2  0  0  0  0/1    14:03   0:00   0:51 
Urho Vaakanainen         0  0  0   0  0   0  0  1  0  0  0/0    12:04   0:00   0:00 
Victor Mete              0  0  0  -2  0   1  0  2  1  0  0/0    23:55   0:00   1:29 

3 Stars

1 - Eric Comrie (SRK)
2 - T.J. Hensick (SRK)
3 - Robert Thomas (SRK)

Power Play

Worcester Sharks - 1 on 2 Attempt(s) - 50,00%
Manitoba Moose - 0 on 0 Attempt(s) - 0,00%

Penalty Kill

Worcester Sharks - 0 on 0 Attempt(s) - 0,00% - Score 0 goal in Penalty Kill
Manitoba Moose - 1 on 2 Attempt(s) - 50,00% - Score 0 goal in Penalty Kill

Team Stat

Worcester Sharks - Hits : 18 - Faceoff Wins : 31 - Blocked Shots : 19 - Penalty Minutes : 20
Manitoba Moose - Hits : 18 - Faceoff Wins : 32 - Blocked Shots : 8 - Penalty Minutes : 34

Official

Referees : Kevin Pollock and Dave Lewis
Linesman : David Brisebois and Brandon Gawryletz

Game Notes

Gerald Mayhew beats up Christian Wolanin at 5:27 of 1st period
Pierre Engvall beats up T.J. Hensick at 7:47 of 1st period
Chris Thorburn and Brett Kulak fight to a draw at 16:32 of 2nd period
Gerald Mayhew and Kenny Agostino fight to a draw at 13:05 of 3rd period

Finance

Level 1 -- Attendance: 1735 (86,75%) -- Ticket Income 60 725 $
Level 2 -- Attendance: 775 (77,50%) -- Ticket Income 11 625 $
Total Attendance: 2510 (83,67%)
Total Ticket Income: 72 350 $
Other Income: 35 452 $
Total Income: 107 802 $

Worcester Sharks

5 vs 5 Forward 
   Center                   Left Wing                Right Wing               Time % Phy DF OF 
 1 Robert Thomas            Kenny Agostino           Brian Gibbons            40     1   2  2  
 2 T.J. Hensick             John McCarthy            Travis Boyd              30     1   2  2  
 3 Corban Knight            David Gust               Jim O'Brien              20     1   2  2  
 4 Garrett Pilon            Nikita Jevpalovs         Kenny Agostino           10     1   2  2  

5 vs 5 Defense 
   Defense                  Defense                                           Time % Phy DF OF 
 1 Brett Kulak              Christian Wolanin                                 40     1   2  2  
 2 Darren Raddysh           James de Haas                                     30     1   2  2  
 3 Frank Corrado            Kristians Rubins                                  20     1   2  2  
 4 Brett Kulak              Christian Wolanin                                 10     1   2  2  

PowerPlay Forward 
   Center                   Left Wing                Right Wing               Time % Phy DF OF 
 1 Robert Thomas            Kenny Agostino           Brian Gibbons            60     1   2  2  
 2 T.J. Hensick             John McCarthy            Travis Boyd              40     1   2  2  

PowerPlay Defense
   Defense                  Defense                                           Time % Phy DF OF 
 1 Brett Kulak              Christian Wolanin                                 60     1   2  2  
 2 Darren Raddysh           James de Haas                                     40     1   2  2  

Penalty Kill 4 Players Forward 
   Center                   Wing                     Time % Phy DF OF 
 1 Kenny Agostino           Robert Thomas            60     1   2  2  
 2 Brian Gibbons            T.J. Hensick             40     1   2  2  

Penalty Kill 4 Players Defense
   Defense                  Defense                  Time % Phy DF OF 
 1 Brett Kulak              Christian Wolanin        60     1   2  2  
 2 Darren Raddysh           James de Haas            40     1   2  2  

Penalty Kill - 3 Players Forward 
   Forward                                           Time % Phy DF OF 
 1 Kenny Agostino                                    60     1   2  2  
 2 Robert Thomas                                     40     1   2  2  

Penalty Kill - 3 Players Defense
   Defense                  Defense                  Time % Phy DF OF 
 1 Brett Kulak              Christian Wolanin        60     1   2  2  
 2 Darren Raddysh           James de Haas            40     1   2  2  

4 vs 4 Forward 
   Center                   Wing                     Time % Phy DF OF 
 1 Kenny Agostino           Robert Thomas            60     1   2  2  
 2 Brian Gibbons            T.J. Hensick             40     1   2  2  

4 vs 4 Defense
   Defense                  Defense                  Time % Phy DF OF 
 1 Brett Kulak              Christian Wolanin        60     1   2  2  
 2 Darren Raddysh           James de Haas            40     1   2  2  

Last Minutes Offensive
   Center                   Left Wing                Right Wing               Defense                  Defense                  
   Robert Thomas            Kenny Agostino           Brian Gibbons            Brett Kulak              Christian Wolanin        

Last Minutes Defensive
   Center                   Left Wing                Right Wing               Defense                  Defense                  
   Robert Thomas            Kenny Agostino           Brian Gibbons            Brett Kulak              Christian Wolanin        

Goaltenders
Starting : Eric Comrie              
Backup : Joonas Korpisalo         

Extra Forwards
Normal : Brady Brassart, Corban Knight, David Gust - PP : Brady Brassart, Corban Knight - PK : David Gust
Extra Defensemen
Normal : Frank Corrado, Kristians Rubins, Darren Raddysh - PP : Frank Corrado - PK : Kristians Rubins, Darren Raddysh
Penalty Shots
Kenny Agostino, Robert Thomas, Brian Gibbons, T.J. Hensick, John McCarthy

Scratches
Nelson Nogier (Healthy), Chad Ruhwedel (Healthy), Garret Ross (Healthy), Reid Gardiner (Healthy), John Nyberg (Healthy)
Michael Prapavessis (Healthy), Cooper Zech (Healthy), Dylan Wells (Healthy), Jean-Francois Berube (Healthy)

Manitoba Moose

5 vs 5 Forward 
   Center                   Left Wing                Right Wing               Time % Phy DF OF 
 1 Gerald Mayhew            Denis Gurianov           Matt Hendricks           34     1   2  2  
 2 Jan Kovar                Matt Beleskey            Pierre Engvall           22     1   2  2  
 3 Shane Gersich            Tom Pyatt                Matt Lorito              22     1   2  2  
 4 Sean Malone              Luke Gazdic              Chris Thorburn           22     1   2  2  

5 vs 5 Defense 
   Defense                  Defense                                           Time % Phy DF OF 
 1 Matt Grzelcyk            Victor Mete                                       40     0   0  5  
 2 Guillaume Brisebois      Andreas Borgman                                   20     1   2  2  
 3 Urho Vaakanainen         David Warsofsky                                   20     1   2  2  
 4 Brian Lashoff            Matt Bartkowski                                   20     1   2  2  

PowerPlay Forward 
   Center                   Left Wing                Right Wing               Time % Phy DF OF 
 1 Gerald Mayhew            Denis Gurianov           Matt Hendricks           50     1   2  2  
 2 Jan Kovar                Matt Beleskey            Pierre Engvall           50     1   2  2  

PowerPlay Defense
   Defense                  Defense                                           Time % Phy DF OF 
 1 Urho Vaakanainen         David Warsofsky                                   50     1   2  2  
 2 Guillaume Brisebois      Andreas Borgman                                   50     1   2  2  

Penalty Kill 4 Players Forward 
   Center                   Wing                     Time % Phy DF OF 
 1 Chris Thorburn           Luke Gazdic              50     1   2  2  
 2 Tom Pyatt                Matt Lorito              50     1   2  2  

Penalty Kill 4 Players Defense
   Defense                  Defense                  Time % Phy DF OF 
 1 Matt Grzelcyk            Victor Mete              70     1   2  2  
 2 Brian Lashoff            Matt Bartkowski          30     1   2  2  

Penalty Kill - 3 Players Forward 
   Forward                                           Time % Phy DF OF 
 1 Shane Gersich                                     50     1   2  2  
 2 Sean Malone                                       50     1   2  2  

Penalty Kill - 3 Players Defense
   Defense                  Defense                  Time % Phy DF OF 
 1 Matt Grzelcyk            Victor Mete              70     1   2  2  
 2 Brian Lashoff            Matt Bartkowski          30     1   2  2  

4 vs 4 Forward 
   Center                   Wing                     Time % Phy DF OF 
 1 Gerald Mayhew            Tom Pyatt                50     1   2  2  
 2 Sean Malone              Chris Thorburn           50     1   2  2  

4 vs 4 Defense
   Defense                  Defense                  Time % Phy DF OF 
 1 Andreas Borgman          Matt Grzelcyk            50     1   2  2  
 2 Guillaume Brisebois      Victor Mete              50     1   2  2  

Last Minutes Offensive
   Center                   Left Wing                Right Wing               Defense                  Defense                  
   Gerald Mayhew            Shane Gersich            Denis Gurianov           Victor Mete              Matt Grzelcyk            

Last Minutes Defensive
   Center                   Left Wing                Right Wing               Defense                  Defense                  
   Chris Thorburn           Tom Pyatt                Denis Gurianov           Victor Mete              Matt Grzelcyk            

Goaltenders
Starting : Atte Tolvanen            
Backup : Evan Cormier             

Extra Forwards
Normal : Shane Gersich, Denis Gurianov, Gerald Mayhew - PP : Shane Gersich, Matt Lorito - PK : Shane Gersich
Extra Defensemen
Normal : Andreas Borgman, Brian Lashoff, Matt Bartkowski - PP : Matt Grzelcyk - PK : David Warsofsky, Urho Vaakanainen
Penalty Shots
Denis Gurianov, Shane Gersich, Gerald Mayhew, Matt Lorito, Pierre Engvall

Scratches
Jake Walman (Healthy), Thomas Schemitsch (Healthy), Zach Magwood (Healthy), Colin Greening (Healthy), Chase Pearson (Healthy)
Christopher Gibson (Healthy)

% Time on Ice - Worcester Sharks

Lines # - Real PCT - Wanted PCT - Time Play
Normal Forward
1 - 32% - 40% - 18:39
2 - 28% - 30% - 16:17
3 - 27% - 20% - 15:26
4 - 13% - 10% - 7:36
Normal Defense
1 - 37% - 40% - 21:44
2 - 33% - 30% - 19:17
3 - 22% - 20% - 12:39
4 - 7% - 10% - 4:18
PP Forward
1 - 75% - 60% - 1:31
2 - 25% - 40% - 0:31
PP Defense
1 - 75% - 60% - 1:31
2 - 25% - 40% - 0:31
PK Forward
1 - 0% - 60%
2 - 0% - 40%
PK Defense
1 - 0% - 60%
2 - 0% - 40%
PK3 Forward
1 - 0% - 60%
2 - 0% - 40%
PK3 Defense
1 - 0% - 60%
2 - 0% - 40%
44 Forward
1 - 0% - 60%
2 - 0% - 40%
44 Defense
1 - 0% - 60%
2 - 0% - 40%
Last Minute Offensive  - 0:00
Last Minute Defensive  - 0:00
Total
Forward - 60:00
Defense - 60:00

% Time on Ice - Manitoba Moose

Lines # - Real PCT - Wanted PCT - Time Play
Normal Forward
1 - 32% - 34% - 18:33
2 - 24% - 22% - 13:45
3 - 20% - 22% - 11:50
4 - 24% - 22% - 13:50
Normal Defense
1 - 39% - 40% - 22:26
2 - 20% - 20% - 11:29
3 - 21% - 20% - 12:04
4 - 21% - 20% - 11:59
PP Forward
1 - 0% - 50%
2 - 0% - 50%
PP Defense
1 - 0% - 50%
2 - 0% - 50%
PK Forward
1 - 58% - 50% - 1:11
2 - 42% - 50% - 0:51
PK Defense
1 - 73% - 70% - 1:29
2 - 27% - 30% - 0:33
PK3 Forward
1 - 0% - 50%
2 - 0% - 50%
PK3 Defense
1 - 0% - 70%
2 - 0% - 30%
44 Forward
1 - 0% - 50%
2 - 0% - 50%
44 Defense
1 - 0% - 50%
2 - 0% - 50%
Last Minute Offensive  - 0:00
Last Minute Defensive  - 0:00
Total
Forward - 60:00
Defense - 60:00

Play-by-Play

1st period


0:01 of 1st period - Robert Thomas wins face-off versus Gerald Mayhew in neutral zone.
0:33 of 1st period - Slapshot by Jan Kovar.
0:33 of 1st period - Stopped by Eric Comrie with a rebound.
0:55 of 1st period - Snap shot by Corban Knight.
0:55 of 1st period - Shot Misses the Net.
0:57 of 1st period - Snap shot by Corban Knight.
0:57 of 1st period - Stopped by Atte Tolvanen without a rebound.
0:58 of 1st period - Garrett Pilon wins face-off versus Sean Malone in Manitoba Moose zone.
1:13 of 1st period - Snap shot by Garrett Pilon.
1:13 of 1st period - Shot Misses the Net.
1:56 of 1st period - Off-side.
1:57 of 1st period - Robert Thomas wins face-off versus Shane Gersich in neutral zone.
2:10 of 1st period - Robert Thomas is hit by Tom Pyatt and loses puck.
2:23 of 1st period - Brett Kulak is hit by Matt Grzelcyk and loses puck.
2:50 of 1st period - Snap shot by T.J. Hensick.
2:50 of 1st period - Shot Misses the Net.
2:52 of 1st period - Slapshot by John McCarthy.
2:52 of 1st period - Stopped by Atte Tolvanen with a rebound.
3:02 of 1st period - Brian Lashoff is hit by T.J. Hensick and loses puck.
3:15 of 1st period - Slapshot by Corban Knight.
3:15 of 1st period - Stopped by Atte Tolvanen without a rebound.
3:16 of 1st period - Corban Knight wins face-off versus Matt Beleskey in Manitoba Moose zone.
4:07 of 1st period - Slapshot by Kenny Agostino.
4:07 of 1st period - Stopped by Atte Tolvanen with a rebound.
4:47 of 1st period - Snap shot by Pierre Engvall.
4:47 of 1st period - Deflect By Jan Kovar.
4:47 of 1st period - Stopped by Eric Comrie with a rebound.
5:19 of 1st period - Snap shot by T.J. Hensick.
5:19 of 1st period - Stopped by Atte Tolvanen without a rebound.
5:20 of 1st period - Shane Gersich wins face-off versus Corban Knight in Manitoba Moose zone.
5:24 of 1st period - Off-side.
5:25 of 1st period - Jim O'Brien wins face-off versus Gerald Mayhew in neutral zone.
5:27 of 1st period - Gerald Mayhew beats up Christian Wolanin.
5:27 of 1st period - Penalty to Gerald Mayhew for Fighting.
5:27 of 1st period - Penalty to Christian Wolanin for Fighting.
5:28 of 1st period - Robert Thomas wins face-off versus Shane Gersich in neutral zone.
5:30 of 1st period - Off-side.
5:31 of 1st period - Shane Gersich wins face-off versus Robert Thomas in neutral zone.
5:34 of 1st period - Snap shot by Denis Gurianov.
5:34 of 1st period - Shot Blocked by Frank Corrado.
5:36 of 1st period - Slapshot by Urho Vaakanainen.
5:36 of 1st period - Deflect By Denis Gurianov.
5:36 of 1st period - Stopped by Eric Comrie without a rebound.
5:37 of 1st period - Kenny Agostino wins face-off versus Shane Gersich in Worcester Sharks zone.
6:41 of 1st period - Snap shot by Denis Gurianov.
6:41 of 1st period - Shot Misses the Net.
6:43 of 1st period - Backhand shot by Matt Hendricks.
6:43 of 1st period - Shot Misses the Net.
6:45 of 1st period - Backhand shot by Denis Gurianov.
6:45 of 1st period - Stopped by Eric Comrie with a rebound.
7:13 of 1st period - Slapshot by Denis Gurianov.
7:13 of 1st period - Stopped by Eric Comrie with a rebound.
7:15 of 1st period - Wrist shot by Matt Hendricks.
7:15 of 1st period - Shot Misses the Net.
7:17 of 1st period - Wrist shot by Matt Hendricks.
7:17 of 1st period - Shot Hit the Post.
7:35 of 1st period - Brett Kulak is hit by Matt Hendricks and loses puck.
7:46 of 1st period - Snap shot by Denis Gurianov.
7:46 of 1st period - Deflect By Matt Hendricks.
7:46 of 1st period - Shot Misses the Net.
7:46 of 1st period - Puck is out of play.
7:47 of 1st period - Jan Kovar wins face-off versus T.J. Hensick in Worcester Sharks zone.
7:47 of 1st period - Pierre Engvall beats up T.J. Hensick.
7:47 of 1st period - Penalty to Pierre Engvall for Fighting.
7:47 of 1st period - Penalty to T.J. Hensick for Fighting.
7:48 of 1st period - John McCarthy wins face-off versus Jan Kovar in Worcester Sharks zone.
8:41 of 1st period - David Gust is hit by Sean Malone and loses puck.
8:58 of 1st period - Snap shot by Travis Boyd.
8:58 of 1st period - Stopped by Atte Tolvanen with a rebound.
9:00 of 1st period - Wrist shot by Travis Boyd.
9:00 of 1st period - Stopped by Atte Tolvanen without a rebound.
9:01 of 1st period - Garrett Pilon wins face-off versus Jan Kovar in Manitoba Moose zone.
9:16 of 1st period - Chris Thorburn is hit by Kristians Rubins and loses puck.
10:39 of 1st period - David Gust is hit by Tom Pyatt and loses puck.
12:29 of 1st period - Jim O'Brien is hit by Guillaume Brisebois and loses puck.
13:02 of 1st period - Nikita Jevpalovs is hit by Matt Lorito and loses puck.
13:47 of 1st period - T.J. Hensick is hit by David Warsofsky and loses puck.
14:04 of 1st period - Snap shot by Kenny Agostino.
14:04 of 1st period - Stopped by Atte Tolvanen without a rebound.
14:05 of 1st period - Robert Thomas wins face-off versus Sean Malone in Manitoba Moose zone.
14:56 of 1st period - Christian Wolanin is hit by Denis Gurianov.
15:18 of 1st period - Slapshot by Christian Wolanin.
15:18 of 1st period - Stopped by Atte Tolvanen with a rebound.
15:20 of 1st period - Slapshot by Corban Knight.
15:20 of 1st period - Stopped by Atte Tolvanen with a rebound.
15:39 of 1st period - Matt Lorito is hit by Kristians Rubins and loses puck.
16:18 of 1st period - Snap shot by Chris Thorburn.
16:18 of 1st period - Deflect By Sean Malone.
16:18 of 1st period - Shot Misses the Net.
16:18 of 1st period - Puck is out of play.
16:19 of 1st period - David Gust wins face-off versus Sean Malone in Worcester Sharks zone.
16:30 of 1st period - Snap shot by Luke Gazdic.
16:30 of 1st period - Stopped by Eric Comrie with a rebound.
17:44 of 1st period - Corban Knight is hit by Matt Beleskey and loses puck.
19:00 of 1st period - Snap shot by Jan Kovar.
19:00 of 1st period - Deflect By T.J. Hensick.
19:00 of 1st period - Shot Blocked by T.J. Hensick.
19:00 of 1st period - Puck is out of play.
19:01 of 1st period - Corban Knight wins face-off versus Matt Beleskey in Worcester Sharks zone.
19:13 of 1st period - Pierre Engvall is hit by James de Haas and loses puck.
19:28 of 1st period - Robert Thomas is hit by Matt Hendricks and loses puck.
19:41 of 1st period - Slapshot by Denis Gurianov.
19:41 of 1st period - Stopped by Eric Comrie with a rebound.
19:59 of 1st period - Snap shot by John McCarthy.
19:59 of 1st period - Stopped by Atte Tolvanen without a rebound.
Goals for this period are 0 for Worcester Sharks vs 0 for Manitoba Moose.
Shots for this period are 11 for Worcester Sharks vs 7 for Manitoba Moose.

2nd period


0:01 of 2nd period - Gerald Mayhew wins face-off versus Robert Thomas in neutral zone.
0:10 of 2nd period - Wrist shot by Denis Gurianov.
0:10 of 2nd period - Shot Blocked by Brett Kulak.
1:42 of 2nd period - Backhand shot by Gerald Mayhew.
1:42 of 2nd period - Shot Blocked by Nikita Jevpalovs.
1:44 of 2nd period - Snap shot by Gerald Mayhew.
1:44 of 2nd period - Shot Blocked by Kenny Agostino.
1:46 of 2nd period - Snap shot by Gerald Mayhew.
1:46 of 2nd period - Stopped by Eric Comrie with a rebound.
2:00 of 2nd period - Wrist shot by Matt Lorito.
2:00 of 2nd period - Shot Blocked by Darren Raddysh.
2:02 of 2nd period - Slapshot by Matt Bartkowski.
2:02 of 2nd period - Shot Misses the Net.
2:04 of 2nd period - Slapshot by Matt Bartkowski.
2:04 of 2nd period - Stopped by Eric Comrie without a rebound.
2:05 of 2nd period - Sean Malone wins face-off versus T.J. Hensick in Worcester Sharks zone.
2:06 of 2nd period - Snap shot by Luke Gazdic.
2:06 of 2nd period - Shot Misses the Net.
2:14 of 2nd period - Wrist shot by Travis Boyd.
2:14 of 2nd period - Shot Misses the Net.
2:16 of 2nd period - Slapshot by Frank Corrado.
2:16 of 2nd period - Stopped by Atte Tolvanen without a rebound.
2:17 of 2nd period - T.J. Hensick wins face-off versus Gerald Mayhew in Manitoba Moose zone.
2:24 of 2nd period - Wrist shot by Matt Hendricks.
2:24 of 2nd period - Stopped by Eric Comrie with a rebound.
2:42 of 2nd period - Tom Pyatt is hit by David Gust.
2:59 of 2nd period - Tom Pyatt is hit by Brett Kulak and loses puck.
4:23 of 2nd period - Snap shot by T.J. Hensick.
4:23 of 2nd period - Goal by T.J. Hensick - Worcester Sharks : 1 - Manitoba Moose : 0.
4:24 of 2nd period - Gerald Mayhew wins face-off versus T.J. Hensick in neutral zone.
5:00 of 2nd period - Icing by Matt Lorito.
5:01 of 2nd period - Shane Gersich wins face-off versus T.J. Hensick in Manitoba Moose zone.
5:08 of 2nd period - Matt Grzelcyk is hit by John McCarthy.
5:19 of 2nd period - Wrist shot by Shane Gersich.
5:19 of 2nd period - Shot Misses the Net.
5:25 of 2nd period - Snap shot by Matt Grzelcyk.
5:25 of 2nd period - Shot Blocked by Brett Kulak.
5:31 of 2nd period - Slapshot by Christian Wolanin.
5:31 of 2nd period - Stopped by Atte Tolvanen with a rebound.
5:39 of 2nd period - Snap shot by Tom Pyatt.
5:39 of 2nd period - Stopped by Eric Comrie without a rebound.
5:40 of 2nd period - Gerald Mayhew wins face-off versus Corban Knight in Worcester Sharks zone.
5:43 of 2nd period - Backhand shot by Denis Gurianov.
5:43 of 2nd period - Stopped by Eric Comrie with a rebound.
5:45 of 2nd period - Snap shot by Denis Gurianov.
5:45 of 2nd period - Shot Blocked by Darren Raddysh.
5:47 of 2nd period - Slapshot by Gerald Mayhew.
5:47 of 2nd period - Deflect By Denis Gurianov.
5:47 of 2nd period - Shot Blocked by Darren Raddysh.
5:47 of 2nd period - Puck is out of play.
5:48 of 2nd period - Gerald Mayhew wins face-off versus Jim O'Brien in Worcester Sharks zone.
7:07 of 2nd period - Slapshot by T.J. Hensick.
7:07 of 2nd period - Deflect By Travis Boyd.
7:07 of 2nd period - Stopped by Atte Tolvanen with a rebound.
7:09 of 2nd period - Wrist shot by Travis Boyd.
7:09 of 2nd period - Shot Misses the Net.
7:17 of 2nd period - Slapshot by T.J. Hensick.
7:17 of 2nd period - Deflect By John McCarthy.
7:17 of 2nd period - Stopped by Atte Tolvanen with a rebound.
7:19 of 2nd period - Snap shot by Brett Kulak.
7:19 of 2nd period - Shot Misses the Net.
7:23 of 2nd period - Slapshot by T.J. Hensick.
7:23 of 2nd period - Stopped by Atte Tolvanen with a rebound.
8:05 of 2nd period - Kenny Agostino is hit by Pierre Engvall and loses puck.
8:24 of 2nd period - Snap shot by Denis Gurianov.
8:24 of 2nd period - Deflect By Gerald Mayhew.
8:24 of 2nd period - Shot Misses the Net.
8:24 of 2nd period - Puck is out of play.
8:25 of 2nd period - Gerald Mayhew wins face-off versus David Gust in Worcester Sharks zone.
8:28 of 2nd period - Snap shot by Matt Hendricks.
8:28 of 2nd period - Stopped by Eric Comrie with a rebound.
8:30 of 2nd period - Slapshot by Gerald Mayhew.
8:30 of 2nd period - Shot Blocked by James de Haas.
8:32 of 2nd period - Snap shot by Gerald Mayhew.
8:32 of 2nd period - Shot Blocked by Darren Raddysh.
8:34 of 2nd period - Wrist shot by Denis Gurianov.
8:34 of 2nd period - Stopped by Eric Comrie with a rebound.
8:36 of 2nd period - Wrist shot by Matt Hendricks.
8:36 of 2nd period - Shot Misses the Net.
8:38 of 2nd period - Backhand shot by Matt Bartkowski.
8:38 of 2nd period - Deflect By Denis Gurianov.
8:38 of 2nd period - Stopped by Eric Comrie with a rebound.
8:40 of 2nd period - Snap shot by Matt Bartkowski.
8:40 of 2nd period - Shot Misses the Net.
8:58 of 2nd period - Wrist shot by Luke Gazdic.
8:58 of 2nd period - Deflect By David Gust.
8:58 of 2nd period - Stopped by Eric Comrie with a rebound.
9:00 of 2nd period - Snap shot by Sean Malone.
9:00 of 2nd period - Stopped by Eric Comrie with a rebound.
9:02 of 2nd period - Wrist shot by Luke Gazdic.
9:02 of 2nd period - Shot Blocked by Darren Raddysh.
9:36 of 2nd period - Icing by Victor Mete.
9:37 of 2nd period - Jan Kovar wins face-off versus Robert Thomas in Manitoba Moose zone.
9:45 of 2nd period - Off-side.
9:46 of 2nd period - Robert Thomas wins face-off versus Gerald Mayhew in neutral zone.
9:49 of 2nd period - Denis Gurianov is hit by Kenny Agostino.
10:13 of 2nd period - John McCarthy is hit by Luke Gazdic.
10:21 of 2nd period - David Warsofsky is hit by Brett Kulak and loses puck.
11:18 of 2nd period - Off-side.
11:19 of 2nd period - T.J. Hensick wins face-off versus Shane Gersich in neutral zone.
11:30 of 2nd period - Slapshot by Shane Gersich.
11:30 of 2nd period - Stopped by Eric Comrie with a rebound.
11:50 of 2nd period - Wrist shot by Travis Boyd.
11:50 of 2nd period - Goal by Travis Boyd - Worcester Sharks : 2 - Manitoba Moose : 0.
11:51 of 2nd period - Robert Thomas wins face-off versus Matt Hendricks in neutral zone.
11:56 of 2nd period - Wrist shot by Robert Thomas.
11:56 of 2nd period - Stopped by Atte Tolvanen with a rebound.
11:58 of 2nd period - Snap shot by Brett Kulak.
11:58 of 2nd period - Stopped by Atte Tolvanen without a rebound.
11:59 of 2nd period - Gerald Mayhew wins face-off versus Robert Thomas in Manitoba Moose zone.
12:06 of 2nd period - Snap shot by Gerald Mayhew.
12:06 of 2nd period - Stopped by Eric Comrie with a rebound.
12:11 of 2nd period - Off-side.
12:12 of 2nd period - Gerald Mayhew wins face-off versus Kenny Agostino in neutral zone.
12:19 of 2nd period - Wrist shot by Denis Gurianov.
12:19 of 2nd period - Stopped by Eric Comrie with a rebound.
12:21 of 2nd period - Snap shot by Denis Gurianov.
12:21 of 2nd period - Deflect By Gerald Mayhew.
12:21 of 2nd period - Stopped by Eric Comrie with a rebound.
12:23 of 2nd period - Wrist shot by Denis Gurianov.
12:23 of 2nd period - Shot Misses the Net.
12:25 of 2nd period - Slapshot by Matt Grzelcyk.
12:25 of 2nd period - Stopped by Eric Comrie without a rebound.
12:26 of 2nd period - Jan Kovar wins face-off versus Robert Thomas in Worcester Sharks zone.
12:27 of 2nd period - Slapshot by Matt Grzelcyk.
12:27 of 2nd period - Stopped by Eric Comrie without a rebound.
12:28 of 2nd period - Robert Thomas wins face-off versus Jan Kovar in Worcester Sharks zone.
12:41 of 2nd period - Wrist shot by Kenny Agostino.
12:41 of 2nd period - Goal by Kenny Agostino - Worcester Sharks : 3 - Manitoba Moose : 0.
12:42 of 2nd period - Gerald Mayhew wins face-off versus Robert Thomas in neutral zone.
13:17 of 2nd period - Wrist shot by Travis Boyd.
13:17 of 2nd period - Stopped by Atte Tolvanen without a rebound.
13:18 of 2nd period - Robert Thomas wins face-off versus Jan Kovar in Manitoba Moose zone.
13:47 of 2nd period - Snap shot by Luke Gazdic.
13:47 of 2nd period - Stopped by Eric Comrie without a rebound.
13:48 of 2nd period - Sean Malone wins face-off versus T.J. Hensick in Worcester Sharks zone.
13:49 of 2nd period - Slapshot by Chris Thorburn.
13:49 of 2nd period - Stopped by Eric Comrie with a rebound.
13:51 of 2nd period - Wrist shot by Luke Gazdic.
13:51 of 2nd period - Stopped by Eric Comrie without a rebound.
13:52 of 2nd period - T.J. Hensick wins face-off versus Gerald Mayhew in Worcester Sharks zone.
14:27 of 2nd period - Kenny Agostino is hit by Chris Thorburn and loses puck.
14:42 of 2nd period - Wrist shot by Matt Beleskey.
14:42 of 2nd period - Stopped by Eric Comrie without a rebound.
14:43 of 2nd period - Jan Kovar wins face-off versus Corban Knight in Worcester Sharks zone.
14:44 of 2nd period - Slapshot by Matt Beleskey.
14:44 of 2nd period - Shot Misses the Net.
14:58 of 2nd period - Wrist shot by Corban Knight.
14:58 of 2nd period - Stopped by Atte Tolvanen with a rebound.
15:00 of 2nd period - Slapshot by Darren Raddysh.
15:00 of 2nd period - Shot Blocked by Victor Mete.
15:02 of 2nd period - Slapshot by David Gust.
15:02 of 2nd period - Shot Blocked by Matt Grzelcyk.
15:04 of 2nd period - Slapshot by Corban Knight.
15:04 of 2nd period - Stopped by Atte Tolvanen without a rebound.
15:05 of 2nd period - Gerald Mayhew wins face-off versus Robert Thomas in Manitoba Moose zone.
15:16 of 2nd period - Snap shot by Denis Gurianov.
15:16 of 2nd period - Deflect By Kenny Agostino.
15:16 of 2nd period - Shot Blocked by Christian Wolanin.
15:16 of 2nd period - Puck is out of play.
15:17 of 2nd period - Gerald Mayhew wins face-off versus Robert Thomas in Worcester Sharks zone.
15:20 of 2nd period - Wrist shot by Matt Hendricks.
15:20 of 2nd period - Stopped by Eric Comrie with a rebound.
15:44 of 2nd period - Icing by Matt Grzelcyk.
15:45 of 2nd period - T.J. Hensick wins face-off versus Shane Gersich in Manitoba Moose zone.
16:13 of 2nd period - Slapshot by Matt Lorito.
16:13 of 2nd period - Stopped by Eric Comrie without a rebound.
16:14 of 2nd period - Gerald Mayhew wins face-off versus Robert Thomas in Worcester Sharks zone.
16:29 of 2nd period - Wrist shot by Kenny Agostino.
16:29 of 2nd period - Deflect By Robert Thomas.
16:29 of 2nd period - Goal by Robert Thomas - Worcester Sharks : 4 - Manitoba Moose : 0.
16:30 of 2nd period - Sean Malone wins face-off versus Robert Thomas in neutral zone.
16:32 of 2nd period - Chris Thorburn and Brett Kulak fight to a draw.
16:32 of 2nd period - Penalty to Chris Thorburn for Fighting.
16:32 of 2nd period - Penalty to Brett Kulak for Fighting.
16:33 of 2nd period - Sean Malone wins face-off versus Robert Thomas in neutral zone.
17:11 of 2nd period - Wrist shot by Denis Gurianov.
17:11 of 2nd period - Shot Misses the Net.
17:13 of 2nd period - Wrist shot by Andreas Borgman.
17:13 of 2nd period - Shot Misses the Net.
17:15 of 2nd period - Wrist shot by Matt Hendricks.
17:15 of 2nd period - Shot Blocked by Darren Raddysh.
17:42 of 2nd period - Brian Lashoff is hit by David Gust and loses puck.
18:00 of 2nd period - Slapshot by Christian Wolanin.
18:00 of 2nd period - Stopped by Atte Tolvanen without a rebound.
18:01 of 2nd period - Garrett Pilon wins face-off versus Sean Malone in Manitoba Moose zone.
18:10 of 2nd period - Snap shot by Kenny Agostino.
18:10 of 2nd period - Stopped by Atte Tolvanen without a rebound.
18:11 of 2nd period - Robert Thomas wins face-off versus Gerald Mayhew in Manitoba Moose zone.
19:09 of 2nd period - Slapshot by Christian Wolanin.
19:09 of 2nd period - Deflect By Shane Gersich.
19:09 of 2nd period - Stopped by Atte Tolvanen with a rebound.
19:41 of 2nd period - Wrist shot by Denis Gurianov.
19:41 of 2nd period - Stopped by Eric Comrie without a rebound.
19:42 of 2nd period - Garrett Pilon wins face-off versus Gerald Mayhew in Worcester Sharks zone.
Goals for this period are 4 for Worcester Sharks vs 0 for Manitoba Moose.
Shots for this period are 17 for Worcester Sharks vs 23 for Manitoba Moose.

3rd period


0:01 of 3rd period - Gerald Mayhew wins face-off versus Robert Thomas in neutral zone.
0:04 of 3rd period - Slapshot by Victor Mete.
0:04 of 3rd period - Shot Blocked by Kenny Agostino.
0:10 of 3rd period - Snap shot by Christian Wolanin.
0:10 of 3rd period - Stopped by Atte Tolvanen without a rebound.
0:11 of 3rd period - Robert Thomas wins face-off versus Jan Kovar in Manitoba Moose zone.
0:14 of 3rd period - Snap shot by Robert Thomas.
0:14 of 3rd period - Shot Blocked by Victor Mete.
0:43 of 3rd period - Snap shot by Matt Hendricks.
0:43 of 3rd period - Deflect By Gerald Mayhew.
0:43 of 3rd period - Shot Misses the Net.
0:43 of 3rd period - Puck is out of play.
0:44 of 3rd period - T.J. Hensick wins face-off versus Shane Gersich in Worcester Sharks zone.
0:59 of 3rd period - Snap shot by Travis Boyd.
0:59 of 3rd period - Stopped by Atte Tolvanen with a rebound.
1:32 of 3rd period - Robert Thomas is hit by Gerald Mayhew and loses puck.
1:55 of 3rd period - Wrist shot by Jan Kovar.
1:55 of 3rd period - Shot Misses the Net.
2:19 of 3rd period - Sean Malone is hit by Brett Kulak and loses puck.
3:12 of 3rd period - Sean Malone is hit by Kenny Agostino and loses puck.
3:22 of 3rd period - Icing by Guillaume Brisebois.
3:23 of 3rd period - Corban Knight wins face-off versus Shane Gersich in Manitoba Moose zone.
3:24 of 3rd period - Snap shot by David Gust.
3:24 of 3rd period - Stopped by Atte Tolvanen without a rebound.
3:25 of 3rd period - Shane Gersich wins face-off versus Corban Knight in Manitoba Moose zone.
3:25 of 3rd period - Shane Gersich is hit by Corban Knight.
3:37 of 3rd period - David Gust is hit by Shane Gersich and loses puck.
4:50 of 3rd period - Slapshot by Brett Kulak.
4:50 of 3rd period - Deflect By Shane Gersich.
4:50 of 3rd period - Stopped by Atte Tolvanen with a rebound.
4:52 of 3rd period - Slapshot by Brett Kulak.
4:52 of 3rd period - Shot Blocked by Urho Vaakanainen.
4:54 of 3rd period - Snap shot by David Gust.
4:54 of 3rd period - Shot Misses the Net.
4:56 of 3rd period - Snap shot by Corban Knight.
4:56 of 3rd period - Stopped by Atte Tolvanen with a rebound.
5:14 of 3rd period - Snap shot by Matt Hendricks.
5:14 of 3rd period - Stopped by Eric Comrie with a rebound.
5:47 of 3rd period - Off-side.
5:48 of 3rd period - Sean Malone wins face-off versus Corban Knight in neutral zone.
7:49 of 3rd period - Sean Malone is hit by Jim O'Brien and loses puck.
8:10 of 3rd period - Slapshot by Matt Grzelcyk.
8:10 of 3rd period - Goal by Matt Grzelcyk - Worcester Sharks : 4 - Manitoba Moose : 1.
8:11 of 3rd period - Robert Thomas wins face-off versus Gerald Mayhew in neutral zone.
8:24 of 3rd period - Snap shot by Robert Thomas.
8:24 of 3rd period - Deflect By Brian Gibbons.
8:24 of 3rd period - Stopped by Atte Tolvanen with a rebound.
8:26 of 3rd period - Slapshot by Brett Kulak.
8:26 of 3rd period - Shot Blocked by Matt Bartkowski.
8:45 of 3rd period - Snap shot by John McCarthy.
8:45 of 3rd period - Shot Misses the Net.
9:00 of 3rd period - Matt Bartkowski is hit by Frank Corrado and loses puck.
9:06 of 3rd period - Off-side.
9:07 of 3rd period - Jan Kovar wins face-off versus Robert Thomas in neutral zone.
9:12 of 3rd period - Wrist shot by Jan Kovar.
9:12 of 3rd period - Stopped by Eric Comrie with a rebound.
9:14 of 3rd period - Snap shot by Jan Kovar.
9:14 of 3rd period - Stopped by Eric Comrie without a rebound.
9:15 of 3rd period - Jan Kovar wins face-off versus Brian Gibbons in Worcester Sharks zone.
10:01 of 3rd period - Snap shot by Jan Kovar.
10:01 of 3rd period - Shot Blocked by Christian Wolanin.
10:07 of 3rd period - Wrist shot by Robert Thomas.
10:07 of 3rd period - Stopped by Atte Tolvanen with a rebound.
10:09 of 3rd period - Snap shot by Brett Kulak.
10:09 of 3rd period - Stopped by Atte Tolvanen with a rebound.
10:11 of 3rd period - Slapshot by Brett Kulak.
10:11 of 3rd period - Shot Misses the Net.
10:13 of 3rd period - Snap shot by Robert Thomas.
10:13 of 3rd period - Shot Misses the Net.
10:26 of 3rd period - Minor Penalty to David Warsofsky for Interference.
10:27 of 3rd period - T.J. Hensick wins face-off versus Tom Pyatt in Manitoba Moose zone.
10:29 of 3rd period - Slapshot by T.J. Hensick.
10:29 of 3rd period - Goal by T.J. Hensick - Worcester Sharks : 5 - Manitoba Moose : 1.
10:30 of 3rd period - Gerald Mayhew wins face-off versus T.J. Hensick in neutral zone.
10:37 of 3rd period - Slapshot by Matt Grzelcyk.
10:37 of 3rd period - Shot Blocked by T.J. Hensick.
10:39 of 3rd period - Wrist shot by Matt Grzelcyk.
10:39 of 3rd period - Shot Blocked by Christian Wolanin.
10:43 of 3rd period - Snap shot by Denis Gurianov.
10:43 of 3rd period - Shot Blocked by Brett Kulak.
10:45 of 3rd period - Slapshot by Victor Mete.
10:45 of 3rd period - Stopped by Eric Comrie without a rebound.
10:46 of 3rd period - Shane Gersich wins face-off versus Robert Thomas in Worcester Sharks zone.
11:09 of 3rd period - John McCarthy is hit by Matt Hendricks and loses puck.
12:26 of 3rd period - Backhand shot by Denis Gurianov.
12:26 of 3rd period - Stopped by Eric Comrie with a rebound.
12:42 of 3rd period - Snap shot by Nikita Jevpalovs.
12:42 of 3rd period - Shot Misses the Net.
12:51 of 3rd period - Off-side.
12:52 of 3rd period - Jan Kovar wins face-off versus Corban Knight in neutral zone.
13:01 of 3rd period - Backhand shot by Jim O'Brien.
13:01 of 3rd period - Stopped by Atte Tolvanen without a rebound.
13:02 of 3rd period - Gerald Mayhew wins face-off versus Robert Thomas in Manitoba Moose zone.
13:02 of 3rd period - Gerald Mayhew is hit by Kenny Agostino.
13:05 of 3rd period - Gerald Mayhew and Kenny Agostino fight to a draw.
13:05 of 3rd period - Penalty to Gerald Mayhew for Fighting.
13:05 of 3rd period - Penalty to Kenny Agostino for Fighting.
13:05 of 3rd period - Penalty to Gerald Mayhew for instigated a fight.
13:05 of 3rd period - Penalty to Gerald Mayhew for instigated a fight.
13:06 of 3rd period - Brian Gibbons wins face-off versus Chris Thorburn in neutral zone.
13:11 of 3rd period - Snap shot by Christian Wolanin.
13:11 of 3rd period - Deflect By Robert Thomas.
13:11 of 3rd period - Shot Blocked by Matt Grzelcyk.
13:11 of 3rd period - Puck is out of play.
13:12 of 3rd period - Chris Thorburn wins face-off versus Robert Thomas in Manitoba Moose zone.
13:23 of 3rd period - Tom Pyatt is hit by Christian Wolanin and loses puck.
14:32 of 3rd period - Slapshot by Christian Wolanin.
14:32 of 3rd period - Stopped by Atte Tolvanen with a rebound.
14:34 of 3rd period - Slapshot by Brett Kulak.
14:34 of 3rd period - Shot Blocked by Matt Lorito.
14:36 of 3rd period - Slapshot by Christian Wolanin.
14:36 of 3rd period - Deflect By Brian Gibbons.
14:36 of 3rd period - Shot Blocked by Matt Bartkowski.
14:36 of 3rd period - Puck is out of play.
14:37 of 3rd period - T.J. Hensick wins face-off versus Chris Thorburn in Manitoba Moose zone.
15:05 of 3rd period - Penalty to Gerald Mayhew is over, Shane Gersich is send on ice.
17:50 of 3rd period - Icing by Matt Beleskey.
17:51 of 3rd period - Robert Thomas wins face-off versus Jan Kovar in Manitoba Moose zone.
18:11 of 3rd period - Snap shot by Matt Lorito.
18:11 of 3rd period - Shot Misses the Net.
19:14 of 3rd period - Slapshot by Victor Mete.
19:14 of 3rd period - Shot Misses the Net.
19:24 of 3rd period - Luke Gazdic is hit by Darren Raddysh.
19:52 of 3rd period - Corban Knight is hit by Brian Lashoff.
Goals for this period are 1 for Worcester Sharks vs 1 for Manitoba Moose.
Shots for this period are 11 for Worcester Sharks vs 6 for Manitoba Moose.